 Dungeon Crawl Stone Soup version 0.29-a0-521-g59ce8b2d47 (webtiles) character file.

Game seed: 4889405458522081228

24 Nedwor the Skirmisher (level 3, -2/20 HPs)
             Began as a Vine Stalker Fighter on June 1, 2022.
             Slain by Sigmund
             ... wielding a +2 scythe of protection
              (4 damage)
             ... on level 2 of the Dungeon.
             The game lasted 00:00:59 (928 turns).

Nedwor the Skirmisher (Vine Stalker Fighter)         Turns: 928, Time: 00:00:59

Health: -2/20      AC:  6    Str: 20    XL:     3   Next: 2%
Magic:  0/4        EV:  9    Int:  8    God:
Gold:   39         SH:  4    Dex: 13    Spells: 2/2 levels left

rFire   . . .      SeeInvis .   a - +0 rapier
rCold   . . .      Faith    .   c - +0 buckler
rNeg    . . .      Spirit   +   b - +0 scale mail
rPois   .          Reflect  .   (no helmet)
rElec   .          Harm     .   (no cloak)
rCorr   .          Rampage  .   (no gloves)
Will    .....                   (no boots)
Stlth   ..........              (no amulet)
HPRegen 0.06/turn               (no ring)
MPRegen 0.09/turn               (no ring)

@: no status effects
A: fangs 2, magic shield, antimagic bite, no potion heal 2
a: no special abilities


You were on level 2 of the Dungeon.
You visited 1 branch of the dungeon, and saw 2 of its levels.

You collected 39 gold pieces.

Inventory:

Hand Weapons
 a - a +0 rapier (weapon)
Armour
 b - a +0 scale mail (worn)
 c - a +0 buckler (worn)
Scrolls
 f - a scroll of poison {unknown}
 g - a scroll of vulnerability {unknown}
 h - a scroll of identify {unknown}
 i - a scroll of enchant weapon {unknown}
Potions
 d - a potion of might
 e - a potion of degeneration {unknown}


   Skills:
 + Level 3.0 Fighting
 * Level 2.5 Short Blades
 - Level 2.4 Armour
 + Level 3.0 Shields


You had 2 spell levels left.
You didn't know any spells.
Your spell library contained the following spells:

 Spells                   Type           Power      Damage    Failure   Level
 Necrotize                Necr           0%         1d4       86%         1
 Vampiric Draining        Necr           0%         2d6       99%         3
 Agony                    Necr           0%         N/A       100%        5


Dungeon Overview and Level Annotations

Branches:
Dungeon (2/15)

Altars:

Annotations:
D:2 Sigmund


Innate Abilities, Weirdness & Mutations

You have extremely sharp teeth.
When hurt, damage is shared between your health and your magic reserves.
Your bite disrupts and absorbs the magic of your enemies.
Potions cannot restore your health.


Message History

Done exploring.
Done exploring.
Done exploring.
No target in view!
No target in view!
(D) Dungeon
Where to? (? - help)
What level of the Dungeon? (default 1, ? - help)
There is a stone staircase leading down here.
You climb downwards.
Found a stone staircase leading down.
There is a stone staircase leading up here.
There is a stone staircase leading down here.
There is a stone staircase leading up here.
Sigmund the Dreaded comes into view.
He is wielding a +2 scythe of protection.
Sigmund shouts!
Sigmund gestures wildly while chanting.
Sigmund flickers and vanishes!
Deactivating autopickup; reactivate with Ctrl-A.
There is a strange disturbance nearby!
No target in view!
No target in view!
No target in view!
An adder and a rat come into view.
The adder hisses angrily.
Something hits you but does no damage.
You closely miss something. Your bite misses something.
You closely miss something. Something hits you!
You miss something.
A bat comes into view.
Something hits you!
* * * LOW HITPOINT WARNING * * *
You miss something. Your bite misses something. You miss something.
Your bite misses something. Something hits you.
You hit something but do no damage. The rat bites you.
* * * LOW HITPOINT WARNING * * *
Something hits you.
* * * LOW HITPOINT WARNING * * *
You miss something. The rat bites you but does no damage. Something hits you.
You die...

#.# #.#
##.#
#####..#
#......#
#......#
####...>#
+.....<##
####@###
#{r...###
#.##.##S.
#.. .#b.
##. ##.
.. #. #.
# ..


You could see an adder, a bat and a rat.

Vanquished Creatures
  A dart slug (D:1)
  2 ball pythons (D:1)
  4 endoplasms (D:1)
  2 goblins (D:1)
  A hobgoblin (D:1)
  2 kobolds (D:1)
  2 quokkas (D:1)
  4 bats (D:1)
  A frilled lizard (D:1)
  2 rats (D:1)
21 creatures vanquished.

Notes
Turn   | Place    | Note
-------+----------+-------------------------------------------
     0 | D:1      | Nedwor the Vine Stalker Fighter began the quest for the
                  | Orb.
     0 | D:1      | Reached XP level 1. HP: 11/11 MP: 2/2
   202 | D:1      | Reached XP level 2. HP: 16/16 MP: 3/3
   590 | D:1      | Reached XP level 3. HP: 14/20 MP: 4/4
   919 | D:2      | Noticed Sigmund
   928 | D:2      | Slain by Sigmund

Illustrated notes

Levels and vault maps discovered:
D:1:      roderic_chinese_lattice_arrival, layout_basic, moated_statue
D:2:      minmay_skewed_foursquare, layout_basic, uniq_sigmund,
          uniq_crazy_yiuf_cottage

Skill      XL: |  1  2 |
---------------+-------+-----
Short Blades   | 2 |  2.5
Fighting       | 3 |  3.0
Shields        | 3 |  3.0
Armour         | |  2.4

Action                   || total
-------------------------++-------
Melee: Rapier            ||    57
       Bite              ||    14
Armor: Scale mail        ||    17
Dodge: Dodged            ||    20
Block: Buckler           ||     9

Table legend: (Time is in decaauts)
 A = Elapsed time spent in this place.
 B = Non-inter-level travel time spent in this place.
 C = Inter-level travel time spent in this place.
 D = Time resting spent in this place.
 E = Time spent auto-exploring this place.
 F = Levels seen in this place.
 G = Mean time per level.
                   A        B        C        D        E       F      G
               +--------+--------+--------+--------+--------+-----+--------+
         Total |    935 |    918 |     17 |      0 |    798 |   2 |  467.5 |
       Dungeon |    935 |    918 |     17 |      0 |    798 |   2 |  467.5 |
               +--------+--------+--------+--------+--------+-----+--------+

Top non-repeatable levels by time:
     D:1: 922 daAuts
     D:2: 13 daAuts
